 Dungeon Crawl Stone Soup version 0.29.1-1-gd02db69 (webtiles) character file.

Game seed: 14505038579917518684

742 Kel the Cleaver (level 7, 0/41 HPs)
             Began as a Gargoyle Berserker on Nov 25, 2022.
             Was a Believer of Trog.
             Slain by a jelly (1 damage)
             ... on level 5 of the Dungeon.
             The game lasted 00:04:35 (3873 turns).

Kel the Cleaver (Gargoyle Berserker)                Turns: 3873, Time: 00:04:35

Health: 0/41       AC: 11    Str: 22    XL:     7   Next: 76%
Magic:  7/7        EV:  8    Int:  8    God:    Trog [**....]
Gold:   253        SH:  0    Dex:  9    Spells: 6/6 levels left

rFire   . . .      SeeInvis .   a - +0 hand axe
rCold   . . .      Faith    .   (no shield)
rNeg    + . .      Spirit   .   m - +0 chain mail
rPois   ∞          Reflect  .   (no helmet)
rElec   +          Harm     .   (no cloak)
rCorr   .          Rampage  .   v - +1 pair of gloves
Will    .....                   (no boots)
Stlth   ..........              (no amulet)
HPRegen 0.13/turn               (no ring)
MPRegen 0.10/turn               (no ring)

@: corroded, on berserk cooldown, slowed, very slow
A: sickness immunity, AC +4, negative energy resistance 1, electricity
resistance, torment resistance 1, petrification resistance
a: Renounce Religion, Berserk, Trog's Hand


You were on level 5 of the Dungeon.
You worshipped Trog.
Trog was pleased with you.
You visited 1 branch of the dungeon, and saw 5 of its levels.

You collected 253 gold pieces.

Inventory:

Hand Weapons
 a - a +0 hand axe (weapon)
Missiles
 l - a throwing net (quivered)
Armour
 m - a +0 chain mail (worn)
 v - a +1 pair of gloves (worn)
Wands
 q - a wand of flame (19)
 s - a wand of digging (4)
 x - a wand of mindburst (18)
Scrolls
 b - a scroll of immolation {unknown}
 g - a scroll of enchant weapon {unknown}
 h - a scroll of fear {unknown}
 j - 2 scrolls of teleportation {unknown}
 k - a scroll of fog {unknown}
 o - a scroll of enchant armour {unknown}
 p - 3 scrolls of identify {unknown}
 r - 2 scrolls of amnesia {unknown}
 u - a scroll of summoning {unknown}
Potions
 c - 2 potions of curing {unknown}
 d - 2 potions of invisibility {unknown}
 e - 4 potions of ambrosia {unknown}
 f - a potion of berserk rage {unknown}
 i - a potion of mutation {unknown}
 n - a potion of cancellation {unknown}
 t - a potion of attraction {unknown}
 w - a potion of lignification {unknown}
 z - a potion of brilliance {unknown}


   Skills:
 - Level 3.2 Fighting
 + Level 8.1 Axes
 - Level 2.1 Armour
 - Level 1.5 Dodging


You had 6 spell levels left.
You didn't know any spells.
Your spell library was empty.

Dungeon Overview and Level Annotations

Branches:
Dungeon (5/15)             Temple (0/1) D:4

Altars:
Kikubaaqudgha
Makhleb
Sif Muna
Vehumet

Shops:
D:3 [


Innate Abilities, Weirdness & Mutations

You are immune to sickness and miasma.
Your stone body is resilient. (AC +4)
You are immune to poison.
You resist negative energy. (rN+)
You are resistant to electric shocks. (rElec)
You are resistant to unholy torment.
You are immune to petrification.


Message History

You slash the orc!
You kill the orc!
Trog accepts your kill.
You closely miss the orc. x2; The orc hits you but does no damage. x2
The orc hits you but does no damage. x2; The centaur shoots a sling bullet.
The sling bullet barely misses you.
The orc hits you with a +2 flail of protection.
The orc hits you but does no damage.
Things that are here:
a +0 hand axe of flaming; a +0 scale mail; a scroll labelled URRIOT TE ZITI You hit the orc.
You kill the orc!
Trog accepts your kill.
You barely miss the orc.
The centaur shoots a sling bullet.
The sling bullet barely misses you. The orc hits you but does no damage.
The centaur hits you but does no damage.
The centaur kicks you but does no damage.
The orc hits you with a +2 flail of protection.
The centaur hits you but does no damage.
The centaur closely misses you. The orc barely misses you.
The centaur closely misses you. The centaur kicks you.
Things that are here:
a +0 short sword; a +0 ring mail You hit the centaur but do no damage.
You hit the orc but do no damage. You hit the jelly. The acid corrodes you!
Your hands burn!
The centaur hits you with a +0 sling.
The centaur kicks you but does no damage.
The orc hits you with a +2 flail of protection.
The jelly barely misses you.
You barely miss the centaur. You hit the jelly.
Your hands burn!
You hit the orc but do no damage. The centaur hits you with a +0 sling.
* * * LOW HITPOINT WARNING * * *
The centaur kicks you but does no damage.
The centaur hits you with a +0 sling.
* * * LOW HITPOINT WARNING * * *
The centaur kicks you but does no damage.
The orc hits you with a +2 flail of protection.
* * * LOW HITPOINT WARNING * * *
The jelly hits you.
You die...

.......##..###.###.######
...............# #.......
.............### ########
........).##.#
........))##...
#####.)...# ####
###.....#######
#......o......#
#....♣@)......#
#...~J♣c......#
#..♣~~~♣......#
#..~~~J~......#
#...♣~~~♣♣......
#...~~~~~ #..... ~...P~~≈
..... ~...~~≈≈ .....


You could see a centaur, a jelly and an orc.

Vanquished Creatures
  A hornet (D:5)
  Menkaure (D:5)
  2 phantoms (D:5)
  A hound (D:5)
  An orc priest (D:5)
  An iguana (D:5)
  An orc wizard (D:5)
  4 gnolls
  4 adders
  An ufetubus (D:5)
  A worm (D:4)
  A dart slug (D:1)
  6 orcs (D:5)
  5 endoplasms
  2 giant cockroaches
  5 goblins
  5 hobgoblins
  7 jackals
  4 quokkas
  3 ball pythons
  6 bats
  4 frilled lizards (D:3)
  2 kobolds
  3 rats
71 creatures vanquished.

Vanquished Creatures (others)
  14 plants (D:5)
14 creatures vanquished.

Grand Total: 85 creatures vanquished

Notes
Turn   | Place    | Note
-------+----------+-------------------------------------------
     0 | D:1      | Kel the Gargoyle Berserker began the quest for the Orb.
     0 | D:1      | Reached XP level 1. HP: 14/14 MP: 1/1
    52 | D:1      | Reached skill level 3 in Axes
    61 | D:1      | Reached XP level 2. HP: 10/19 MP: 2/2
   480 | D:1      | Reached XP level 3. HP: 12/23 MP: 3/3
  1128 | D:2      | Reached skill level 4 in Axes
  1814 | D:3      | Reached XP level 4. HP: 28/28 MP: 4/4
  1889 | D:3      | Found Ediontet's Armour Shoppe.
  1922 | D:3      | Reached ** piety under Trog
  2103 | D:3      | Found a faded altar of an unknown god.
  2492 | D:4      | Found a radiant altar of Vehumet.
  2574 | D:4      | Found an ancient bone altar of Kikubaaqudgha.
  2574 | D:4      | Found a shimmering blue altar of Sif Muna.
  2655 | D:4      | Found a staircase to the Ecumenical Temple.
  2910 | D:4      | Found a burning altar of Makhleb.
  3083 | D:5      | Entered Level 5 of the Dungeon
  3085 | D:5      | Noticed a hornet
  3094 | D:5      | Reached skill level 5 in Axes
  3094 | D:5      | Reached XP level 5. HP: 32/32 MP: 5/5
  3095 | D:5      | Killed a hornet
  3096 | D:5      | Reached skill level 6 in Axes
  3096 | D:5      | Reached XP level 6. HP: 37/37 MP: 6/6
  3420 | D:5      | Reached skill level 7 in Axes
  3420 | D:5      | Reached XP level 7. HP: 11/41 MP: 7/7
  3845 | D:5      | Noticed Menkaure
  3851 | D:5      | Killed Menkaure
  3852 | D:5      | Reached skill level 8 in Axes
  3873 | D:5      | HP: 1/41 [orc/+2 flail of protection (6)]
  3873 | D:5      | Slain by a jelly

Illustrated notes

Levels and vault maps discovered:
D:1:      dpeg_arrival_signposts, layout_basic
D:2:      layout_rooms, kennysheep_potato
D:3:      layout_rooms, ebering_ecumenical_altar_petrified, serial_shops,
          nicolae_shop_statue_plus
D:4:      layout_basic, grunt_temple_overflow_magic_moments,
          general_overflow_altar, minmay_temple_entry_stoned_glass,
          dreamdust_princess_bridge
D:5:      minmay_chambers_of_threes, layout_basic, serial_bayou_ford_a,
          uniq_menkaure

Skill      XL: |  1  2  3  4  5  6  7 |
---------------+----------------------+-----
Axes           | 3 4 5 6 7 8 |  8.1
Fighting       | |  3.2
Armour         | |  2.1
Dodging        | |  1.5

Action                   |  1- 3 |  4- 6 |  7- 9 || total
-------------------------+-------+-------+-------++-------
Melee: Hand axe          |    98 |   121 |    57 ||   276
       Punch             |     1 |       |     1 ||     2
Invok: Berserk           |       |     2 |     1 ||     3
Armor: Animal skin       |    15 |       |       ||    15
       Chain mail        |    19 |    89 |    47 ||   155
       Ring mail         |     9 |       |       ||     9
       Leather armour    |     5 |       |       ||     5
Dodge: Dodged            |    71 |    53 |    33 ||   157
